details: 'ne ud sh1t talkers'

« prev index next »

General information

Mini Map

Players

team 1
NightElfBLooDy-WoLF (teal | 43 APM | 185 actions | 04:19)
Hero icon 1 Priestess of the Moon
Ability icon 1 Searing Arrows

» actions
Build / train13
Enter build submenu7
Enter hero's abilities submenu1
Right click92
Select / deselect50
Use ability22
185 total
» units
Wisp9
Huntress2
11 total
» buildings
Altar of Elders1
Moon Well3
Hunter's Hall1
Ancient of War2
7 total
» build order
00:19 Altar of Elders
00:23 Moon Well
01:46 Hunter's Hall
02:03 Ancient of War
02:18 Moon Well
02:44 Ancient of War
03:02 Moon Well
UndeadNoMicrO (purple | 44 APM | 205 actions | 04:40)
Hero icon 1 Death Knight
Ability icon 1 Death Coil

» actions
Build / train19
Enter build submenu6
Enter hero's abilities submenu1
Remove unit from queue2
Right click97
Select / deselect68
Use ability12
205 total
» units
Acolyte1
Ghoul7
Crypt Fiend4
12 total
» buildings
Graveyard1
Crypt1
Altar of Darkness1
Ziggurat2
Tomb of Relics1
6 total
» build order
00:22 Graveyard
00:24 Crypt
00:59 Altar of Darkness
01:08 Ziggurat
01:26 Tomb of Relics
01:35 Ziggurat
» items
Rod of Necromancy1
Sacrificial Skull2
3 total
team 2
Random» Undeadavid.milk2 (yellow | 62 APM | 289 actions | 04:40)
Hero icon 2 Pandaren Brewmaster
Ability icon 1 Breath of Fire
Ability icon 1 Drunken Brawler

» actions
Assign group hotkey19
Basic commands7
Build / train23
Enter build submenu10
Enter hero's abilities submenu2
Right click87
Select / deselect75
Select group hotkey53
Use ability13
289 total
» units
Acolyte2
Ghoul18
20 total
» buildings
Ziggurat4
Crypt3
Altar of Darkness1
Graveyard1
Tomb of Relics1
10 total
» build order
00:06 Ziggurat
00:09 Crypt
00:24 Crypt
00:32 Crypt
00:47 Ziggurat
01:10 Altar of Darkness
01:45 Ziggurat
02:16 Ziggurat
03:21 Graveyard
03:25 Tomb of Relics
Random» Humanbrucewillisusa (red | 36 APM | 171 actions | 04:41)
Hero icon 2 Pandaren Brewmaster
Ability icon 1 Breath of Fire
Ability icon 1 Drunken Brawler

» actions
Assign group hotkey1
Build / train8
ESC pressed1
Enter build submenu2
Enter hero's abilities submenu2
Right click84
Select / deselect44
Select group hotkey23
Use ability6
171 total
» units
Peasant5
5 total
» buildings
Altar of Kings1
Farm1
2 total
» build order
00:07 Altar of Kings
00:10 Farm

Chat log

(00:03 / Allies) brucewillisusa: gools
(00:16 / Allies) avid.milk2: fuck i am lagging so bad
(00:18 / Allies) avid.milk2: its not even funny
(00:45 / Allies) brucewillisusa: make zig
(01:05 / Allies) brucewillisusa: these guys are probaly not as retarded
(01:16 / Allies) brucewillisusa: 29-13 solo
(01:19 / Allies) brucewillisusa: its absused but still
(01:25 / Allies) avid.milk2: those other guys were hte type you meet once in 100 games
(01:33 / Allies) brucewillisusa: ya
(01:37 / Allies) brucewillisusa: zig
(01:46 / Allies) brucewillisusa: gog zig
(02:00 / Allies) brucewillisusa: sending 1 to tav
(02:13 / Allies) brucewillisusa: zig again
(02:16 / All) NoMicrO: lawl
(02:21 / All) NoMicrO: level 35 rt in 1500 games? nice
(02:32 / Allies) brucewillisusa: go now
(02:40 / All) NoMicrO: that dosent make u good just a nerd =/
(03:00 / Allies) brucewillisusa: wisps
(03:59 / Allies) brucewillisusa: gyard
(04:21 / All) brucewillisusa: lol
(04:23 / All) brucewillisusa: ne ud trash
(04:25 / All) brucewillisusa: go home
(04:26 / All) NoMicrO: rofl love the mass lag
(04:27 / All) avid.milk2: making it easy
(04:27 / All) NoMicrO: u guys are bad
(04:29 / All) NoMicrO: stfu noob
(04:30 / All) NoMicrO: 1v1"?
(04:32 / All) NoMicrO: 1v1?
(04:34 / All) brucewillisusa: u lost
(04:37 / All) brucewillisusa: its 1v1 right now
(04:39 / All) NoMicrO: what i thought bye trash